 Dungeon Crawl Stone Soup version 0.24.0-123-gd5b16e6ec5 (webtiles) character file.

Game seed: 1205541730799296586, levelgen mode: deterministic

1214 Draugr the Ducker (level 8, -1/46 HPs)
             Began as a Deep Elf Conjurer on Feb 10, 2020.
             Was a Follower of Sif Muna.
             Slain by Prince Ribbit (19 damage)
             ... on level 5 of the Dungeon.
             The game lasted 00:32:39 (5904 turns).

Draugr the Ducker (Deep Elf Conjurer)               Turns: 5904, Time: 00:32:40

Health: -1/46      AC:  3    Str:  9    XL:     8   Next: 22%
Magic:  16/16      EV: 17    Int: 23    God:    Sif Muna [*.....]
Gold:   278        SH:  0    Dex: 15    Spells: 8/15 levels left

rFire    . . .     SeeInvis .   t - +10 rapier "Cuno" {drain, Str+4}
rCold    + . .     Gourm    .   (no shield)
rNeg     . . .     Faith    .   a - +0 robe
rPois    .         Spirit   .   p - +0 helmet
rElec    .         Reflect  .   (no cloak)
rCorr    .         Harm     .   (no gloves)
MR       .....                  (no boots)
Stlth    ++++......             b - amulet of regeneration
HPRegen  0.55/turn              j - ring of stealth
MPRegen  0.15/turn              v - ring of protection from cold

@: no status effects
A: no striking features
a: Channel Magic, Renounce Religion


You were on level 5 of the Dungeon.
You worshipped Sif Muna.
Sif Muna was aware of your devotion.
You were not hungry.

You visited 2 branches of the dungeon, and saw 7 of its levels.

You collected 278 gold pieces.

Inventory:

Hand Weapons
 t - the +10 rapier "Cuno" (weapon) {drain, Str+4}
   (You found it on level 5 of the Dungeon)

   A truly terrible weapon, it drains the life of those it strikes.
   It affects your strength (+4).
 u - a +3 dagger
Armour
 a - a +0 robe (worn)
 p - a +0 helmet (worn)
Jewellery
 b - an amulet of regeneration (around neck)
 j - a ring of stealth (left hand)
 k - an uncursed ring of fire
 v - a ring of protection from cold (right hand)
Scrolls
 e - a scroll of blinking
 h - a scroll of remove curse
 i - a scroll of enchant weapon
 l - 3 scrolls of magic mapping
 m - 3 scrolls of teleportation
 q - 2 scrolls of amnesia
 s - a scroll of brand weapon {unknown}
 w - a scroll of vulnerability {unknown}
Potions
 d - 2 potions of haste
 g - a potion of curing
 n - a potion of invisibility {unknown}
 o - a potion of cancellation {unknown}
 r - a potion of mutation {unknown}
Comestibles
 c - 6 rations
 f - 3 chunks of flesh


   Skills:
 - Level 3.0 Fighting
 - Level 4.2 Short Blades
 - Level 7.1 Dodging
 - Level 5.1 Stealth
 - Level 4.0 Spellcasting
 - Level 5.0 Conjurations
 + Level 3.0 Invocations


You had 8 spell levels left.
You knew the following spells:

 Your Spells              Type           Power        Failure   Level  Hunger
a - Magic Dart            Conj           ####         1%          1    None
b - Searing Ray           Conj           ####..       1%          2    #......
c - Iskenderun's Mystic   Conj           ####....     13%         4    ####...

Your spell library contained the following spells:

 Spells                   Type           Power        Failure   Level  Hunger
 Beastly Appendage        Tmut           #.....       11%         1    None
 Dazzling Spray           Conj/Hex       ###...       11%         3    ##.....
 Sticks to Snakes         Tmut           #.......     16%         2    #......
 Spider Form              Tmut/Pois      #.........   30%         3    ##.....
 Force Lance              Conj/Tloc      ###.....     36%         4    ####...
 Fulminant Prism          Conj/Hex       ###.......   36%         4    ####...
 Ice Form                 Ice/Tmut       #.......     71%         4    ####...
 Blade Hands              Tmut           #.........   96%         5    ######.


Dungeon Overview and Level Annotations

Branches:
Dungeon (6/15)             Temple (1/1) D:5

Altars:
Ashenzari
Cheibriados
Dithmenos
Elyvilon
Fedhas
Gozag
Hepliaklqana
Kikubaaqudgha
Makhleb
Nemelex Xobeh
Okawaru
Qazlal
Ru
Sif Muna
Trog
Uskayaw
Vehumet
Wu Jian
Xom
Yredelemnul
Zin
The Shining One

Shops:
D:2 *

Annotations:
D:5 Prince Ribbit
D:6 2 transporters


Message History

You miss Prince Ribbit.
Prince Ribbit is lightly wounded.
Prince Ribbit croaks regally.
Prince Ribbit blinks!
You hit Prince Ribbit.
Prince Ribbit is lightly wounded.
Prince Ribbit hits you!!
You hit Prince Ribbit.
Prince Ribbit is lightly wounded.
Prince Ribbit barely misses you.
Prince Ribbit hits you but does no damage.
Prince Ribbit completely misses you.
There is a stone staircase leading up, spattered with blood here.
Prince Ribbit hits you. x2
You climb upwards.
There is a stone staircase leading down here.
Prince Ribbit hits you! Prince Ribbit closely misses you.
Prince Ribbit hits you!!
You die...

# ######### #
#.......# #
#.#####.## ###
#.####>..# #..
#.#......# #.#
#.#..#...########.#
#.#F.##...........#
#.@......##########
###รท#.##.# #.
#......# ####.
###.#########..))
#.# #.....##. #.#
#.....##. #.#
#........ #.#
#.....##. #.#
#.....##.


You could see Prince Ribbit.

Vanquished Creatures
  An ice beast (D:5)
  2 phantoms
  2 ogres
  A centaur (D:6)
  2 scorpions
  A centaur zombie (D:6)
  2 crimson imps
  A bullfrog zombie (D:5)
  A bullfrog skeleton (D:6)
  A centaur skeleton (D:5)
  A hound (D:2)
  An orc wizard (D:6)
  3 iguanas
  3 worker ants
  A hound zombie (D:5)
  4 gnolls (D:5)
  3 adders
  A shadow imp (D:6)
  An ooze (D:4)
  An adder skeleton (D:6)
  2 worms (D:2)
  4 dart slugs
  A leopard gecko (D:3)
  10 orcs
  A ball python (D:3)
  8 giant cockroaches
  11 goblins
  5 hobgoblins
  12 jackals
  A quokka (D:5)
  2 bats (D:1)
  8 frilled lizards
  A jackal zombie (D:5)
  8 kobolds
  5 rats
112 creatures vanquished.

Notes
Turn   | Place    | Note
-------+----------+-------------------------------------------
     0 | D:1      | Draugr the Deep Elf Conjurer began the quest for the Orb.
     0 | D:1      | Reached XP level 1. HP: 10/10 MP: 6/6
   228 | D:1      | Reached skill level 3 in Dodging
   287 | D:1      | Reached XP level 2. HP: 12/15 MP: 0/8
   383 | D:1      | Learned a level 2 spell: Searing Ray
   869 | D:1      | Reached skill level 1 in Short Blades
   954 | D:1      | Reached XP level 3. HP: 19/19 MP: 7/10
  1454 | D:2      | Reached skill level 1 in Fighting
  1478 | D:2      | Reached XP level 4. HP: 25/25 MP: 2/12
  1899 | D:2      | Found Zin's Purification Station.
  1903 | D:2      | Found a glowing silver altar of Zin.
  1950 | D:2      | Learned a level 4 spell: Iskenderun's Mystic Blast
  3317 | D:4      | Reached skill level 4 in Dodging
  3408 | D:3      | Reached XP level 5. HP: 17/29 MP: 11/13
  4040 | D:4      | Reached skill level 5 in Conjurations
  4137 | D:5      | Entered Level 5 of the Dungeon
  4153 | D:6      | Noticed an ice beast
  4153 | D:6      | Noticed a centaur
  4203 | D:5      | Noticed an ogre
  4477 | D:5      | Got an iridescent rapier
  4536 | D:4      | Identified the +10 rapier "Cuno" {drain, Str+4} (You found
                  | it on level 5 of the Dungeon)
  4543 | D:5      | Found a staircase to the Ecumenical Temple.
  4549 | D:5      | Reached skill level 5 in Stealth
  4551 | Temple   | Entered the Ecumenical Temple
  4775 | Temple   | Became a worshipper of Sif Muna the Loreminder
  4859 | D:5      | Reached XP level 6. HP: 34/34 MP: 14/14
  4904 | D:5      | Noticed an ice beast
  4912 | D:5      | Killed an ice beast
  4926 | D:5      | Reached XP level 7. HP: 41/41 MP: 10/15
  5447 | D:5      | Reached skill level 5 in Dodging
  5534 | D:6      | Reached skill level 6 in Dodging
  5629 | D:6      | Reached * piety under Sif Muna
  5629 | D:6      | Reached XP level 8. HP: 46/46 MP: 16/16
  5654 | D:6      | Reached skill level 7 in Dodging
  5677 | D:6      | Found a hazy altar of Hepliaklqana.
  5681 | D:6      | Found an iron altar of Okawaru.
  5687 | D:6      | Found an ornate altar of the Wu Jian Council.
  5746 | D:6      | Reached skill level 1 in Invocations
  5774 | D:6      | Found a transporter.
  5779 | D:6      | Found a transporter.
  5840 | D:6      | Noticed Prince Ribbit
  5904 | D:5      | Slain by Prince Ribbit

Levels and vault maps discovered:
D:1:      scummos_arrival_forest, layout_loops_ring, minivault_4,
          minmay_misc_feat_doors
D:2:      layout_loops_ring, zin_purify
D:3:      layout_loops_corners
D:4:      layout_rooms, first_ration, solitary_fountain
D:5:      layout_loops_cross, minmay_temple_entry_glassed_door,
          hangedman_decor_growths
D:6:      gammafunk_steamed_eel, layout_rooms, minmay_overflow_temple_star_quad,
          uniq_prince_ribbit1
Temple:   dpeg_five_rooms_temple

Skill      XL: |  1  2  3  4  5  6  7  8 |
---------------+-------------------------+-----
Dodging        | 3 4 6 7 |  7.1
Spellcasting   | 4 |  4.0
Short Blades   | 1 3 4 |  4.2
Fighting       | 1 3 |  3.0
Stealth        | 3 4 5 |  5.1
Conjurations   | 5 |  5.0
Invocations    | 3 |  3.0

Action                   |  1- 3 |  4- 6 |  7- 9 || total
-------------------------+-------+-------+-------++-------
Melee: Unarmed           |     5 |       |       ||     5
       Dagger            |     4 |    23 |       ||    27
       Rapier            |       |    27 |    86 ||   113
 Cast: Magic Dart        |    51 |    32 |     5 ||    88
       Searing Ray       |    18 |    58 |     1 ||    77
       Iskenderun's Myst |       |     1 |       ||     1
  Use: Scroll            |       |     5 |     2 ||     7
       Potion            |       |     1 |       ||     1
 Stab: Sleeping          |     2 |    10 |     5 ||    17
  Eat: Chunk             |     2 |    11 |     4 ||    17
Armor: Robe              |     6 |    11 |    10 ||    27
Dodge: Dodged            |    33 |    87 |    47 ||   167
